BSA
PORTLAND CARDS @ KANSAS CITY KINGS
07/24/2029
 
TOP OF THE 1ST
Portland Cards batting - Pitching for Kansas City Kings : RHP Carlos Pacheco
Pitching: RHP Carlos Pacheco
Batting: LHB Joel Nelson 0-0: Ground out 5-3 (Groundball, 5)
Batting: RHB António Zúñiga 0-0: Foul Ball, location: 2F
0-1: DOUBLE (Line Drive, 89D)
Batting: LHB Jeff Daniels 0-0: Ground out 6-3 (Groundball, 6)
Batting: LHB Paul Mullins 0-0: Ball
1-0: Ground out 4-3 (Groundball, 34)
Top of the 1st over - 0 runs, 1 hit, 0 errors, 1 left on base; Portland 0 - Kansas City 0
BOTTOM OF THE 1ST
Kansas City Kings batting - Pitching for Portland Cards : LHP Allan Bader
Pitching: LHP Allan Bader
Batting: RHB Tony Quinn 0-0: Ball
1-0: Ground out 4-3 (Groundball, 4S)
Batting: LHB Ron Crawford 0-0: Called Strike
0-1: Ground out 5-3 (Groundball, 56)
Batting: RHB Toshimichi Kono 0-0: Called Strike
0-1: Ball
1-1: Ball
2-1: Fly out, F8 (Flyball, 8RM)
Bottom of the 1st over - 0 runs, 0 hits, 0 errors, 0 left on base; Portland 0 - Kansas City 0
TOP OF THE 2ND
Portland Cards batting - Pitching for Kansas City Kings : RHP Carlos Pacheco
Batting: RHB Eugene Gill 0-0: Called Strike
0-1: Ball
1-1: SINGLE (Groundball, 34D)
Batting: LHB Chance Santry 0-0: Called Strike
0-1: Ball
1-1: Grounds into double play, 6-4-3 (Groundball, 6M)
Batting: RHB Aaron Scott 0-0: Ball
1-0: Swinging Strike
1-1: Fly out, F6 (Line Drive, 6M)
Top of the 2nd over - 0 runs, 1 hit, 0 errors, 0 left on base; Portland 0 - Kansas City 0
BOTTOM OF THE 2ND
Kansas City Kings batting - Pitching for Portland Cards : LHP Allan Bader
Batting: SHB Douglas Taylor 0-0: Called Strike
0-1: Ground out 5-3 (Groundball, 56S)
Batting: RHB Cy Keynes 0-0: Foul Ball, location: 2F
0-1: SINGLE (Flyball, 78S)
Batting: RHB Dave Parker 0-0: Called Strike
0-1: SINGLE (Line Drive, 8RS)
Cy Keynes to second
Batting: RHB Rafael Carreón 0-0: Called Strike
0-1: Grounds into double play, 1-6-3 (Groundball, 13)
Bottom of the 2nd over - 0 runs, 2 hits, 0 errors, 1 left on base; Portland 0 - Kansas City 0
TOP OF THE 3RD
Portland Cards batting - Pitching for Kansas City Kings : RHP Carlos Pacheco
Batting: RHB Mario Beltrán 0-0: Called Strike
0-1: Called Strike
0-2: Ball
1-2: Strikes out swinging
Batting: RHB Willie Houk 0-0: Ground out 5-3 (Groundball, 25)
Batting: LHB Joel Nelson 0-0: SINGLE (Flyball, 78M)
Batting: RHB António Zúñiga 0-0: Ball
1-0: Swinging Strike
1-1: SINGLE (Line Drive, 9S)
Joel Nelson to second
Batting: LHB Jeff Daniels 0-0: Ball
1-0: Ball
2-0: Called Strike
2-1: 3-RUN HOME RUN (Flyball, 9LD), Distance : 382 ft
Batting: LHB Paul Mullins 0-0: Ball
1-0: Foul Ball, location: 2F
1-1: Foul Ball, location: 2F
1-2: Ground out 4-3 (Groundball, 4)
Top of the 3rd over - 3 runs, 3 hits, 0 errors, 0 left on base; Portland 3 - Kansas City 0
BOTTOM OF THE 3RD
Kansas City Kings batting - Pitching for Portland Cards : LHP Allan Bader
Batting: RHB Gregg Nelson 0-0: Ball
1-0: Ball
2-0: Called Strike
2-1: Ball
3-1: Fly out, F9 (Flyball, 9)
Batting: LHB Luis González 0-0: Ball
1-0: Foul Ball, location: 2F
1-1: Foul Ball, location: 2F
1-2: Ball
2-2: Ground out 4-3 (Groundball, 4M)
Batting: RHB Tony Quinn 0-0: Ball
1-0: Ball
2-0: SINGLE (Line Drive, 4D)
Batting: LHB Ron Crawford 0-0: Swinging Strike
0-1: Called Strike
0-2: Strikes out swinging
Bottom of the 3rd over - 0 runs, 1 hit, 0 errors, 1 left on base; Portland 3 - Kansas City 0
TOP OF THE 4TH
Portland Cards batting - Pitching for Kansas City Kings : RHP Carlos Pacheco
Batting: RHB Eugene Gill 0-0: Swinging Strike
0-1: Ball
1-1: Swinging Strike
1-2: Strikes out looking
Batting: LHB Chance Santry 0-0: Ball
1-0: Ball
2-0: Ground out U3 (Groundball, 34)
Batting: RHB Aaron Scott 0-0: Ball
1-0: Called Strike
1-1: SINGLE (Line Drive, 9S)
Batting: RHB Mario Beltrán 0-0: Foul Ball, location: 2F
0-1: Foul Ball, location: 2F
0-2: Ball
1-2: Ball
2-2: Strikes out swinging
Top of the 4th over - 0 runs, 1 hit, 0 errors, 1 left on base; Portland 3 - Kansas City 0
BOTTOM OF THE 4TH
Kansas City Kings batting - Pitching for Portland Cards : LHP Allan Bader
Batting: RHB Toshimichi Kono 0-0: Ground out 4-3 (Groundball, 4)
Batting: SHB Douglas Taylor 0-0: Ball
1-0: Called Strike
1-1: Foul Ball, location: 2F
1-2: Ground out 5-3 (Groundball, 5L)
Batting: RHB Cy Keynes 0-0: Ball
1-0: Swinging Strike
1-1: Foul Ball, location: 2F
1-2: Ground out 4-3 (Groundball, 34)
Bottom of the 4th over - 0 runs, 0 hits, 0 errors, 0 left on base; Portland 3 - Kansas City 0
TOP OF THE 5TH
Portland Cards batting - Pitching for Kansas City Kings : RHP Carlos Pacheco
Batting: RHB Willie Houk 0-0: Called Strike
0-1: Foul Ball, location: 2F
0-2: Ball
1-2: Strikes out swinging
Batting: LHB Joel Nelson 0-0: Ball
1-0: Foul Ball, location: 2F
1-1: Foul Ball, location: 2F
1-2: Ball
2-2: Foul Ball, location: 2F
2-2: Strikes out swinging
Batting: RHB António Zúñiga 0-0: Called Strike
0-1: Ball
1-1: Ball
2-1: Called Strike
2-2: Ground out 4-3 (Groundball, 34)
Top of the 5th over - 0 runs, 0 hits, 0 errors, 0 left on base; Portland 3 - Kansas City 0
BOTTOM OF THE 5TH
Kansas City Kings batting - Pitching for Portland Cards : LHP Allan Bader
Batting: RHB Dave Parker 0-0: Ball
1-0: Ground out 6-3 (Groundball, 6)
Batting: RHB Rafael Carreón 0-0: Fly out, F8 (Flyball, 8RS)
Batting: RHB Gregg Nelson 0-0: Ground out 6-3 (Groundball, 6)
Bottom of the 5th over - 0 runs, 0 hits, 0 errors, 0 left on base; Portland 3 - Kansas City 0
TOP OF THE 6TH
Portland Cards batting - Pitching for Kansas City Kings : RHP Carlos Pacheco
Batting: LHB Jeff Daniels 0-0: Fly out, F3 (Line Drive, 3S)
Batting: LHB Paul Mullins 0-0: Ball
1-0: Ball
2-0: Reached on error, E3 (Groundball, 34)
Batting: RHB Eugene Gill 0-0: Swinging Strike
0-1: Foul Ball, location: 2F
0-2: Strikes out swinging
Batting: LHB Chance Santry 0-0: Called Strike
0-1: SINGLE (Groundball, 56D)
Paul Mullins to second
Batting: RHB Aaron Scott 0-0: Hit by Pitch
Paul Mullins to third
Chance Santry to second
Batting: RHB Mario Beltrán 0-0: Ball
1-0: Fly out, F9 (Line Drive, 9LD)
Top of the 6th over - 0 runs, 1 hit, 1 error, 3 left on base; Portland 3 - Kansas City 0
BOTTOM OF THE 6TH
Kansas City Kings batting - Pitching for Portland Cards : LHP Allan Bader
Batting: LHB Luis González 0-0: Ball
1-0: Called Strike
1-1: Ball
2-1: Ball
3-1: Swinging Strike
3-2: Ground out 4-3 (Groundball, 4)
Batting: RHB Tony Quinn 0-0: Ball
1-0: Called Strike
1-1: Foul Ball, location: 2F
1-2: Fly out, F2 (Popup, 2R)
Batting: LHB Ron Crawford 0-0: Ball
1-0: Called Strike
1-1: SINGLE (Line Drive, 8LM)
Batting: RHB Toshimichi Kono 0-0: Ball
1-0: Called Strike
1-1: Ball
2-1: SINGLE (Line Drive, 89M)
Ron Crawford to second
Batting: SHB Douglas Taylor 0-0: Reached on error, E6 (Groundball, 6)
Ron Crawford to third
Toshimichi Kono to second
Batting: RHB Cy Keynes 0-0: Ball
1-0: SINGLE (Flyball, 9LS)
Ron Crawford scores
Toshimichi Kono to third
Douglas Taylor to second
Runner from 3rd tries for Home, SAFE, no throw
Batting: RHB Dave Parker 0-0: Swinging Strike
0-1: Ball
1-1: Foul Ball, location: 2F
1-2: SINGLE (Groundball, 6D)
Douglas Taylor to third
Cy Keynes to second
Runner from 3rd tries for Home, SAFE, no throw
Batting: RHB Rafael Carreón 0-0: Ball
1-0: Swinging Strike
1-1: Swinging Strike
1-2: Foul Ball, location: 2F
1-2: Ball
2-2: Ball
3-2: Strikes out swinging
Bottom of the 6th over - 3 runs, 4 hits, 1 error, 2 left on base; Portland 3 - Kansas City 3
TOP OF THE 7TH
Portland Cards batting - Pitching for Kansas City Kings : RHP Carlos Pacheco
Pinch Hitting: RHB Jesús Gutiérrez 0-0: DOUBLE (Line Drive, 7D) - OUT at third base trying to stretch hit.
Batting: LHB Joel Nelson 0-0: Ground out 4-3 (Groundball, 4)
Batting: RHB António Zúñiga 0-0: Fly out, F8 (Flyball, 78M)
Top of the 7th over - 0 runs, 1 hit, 0 errors, 0 left on base; Portland 3 - Kansas City 3
BOTTOM OF THE 7TH
Kansas City Kings batting - Pitching for Portland Cards : LHP Allan Bader
Now at SS: Jesús Gutiérrez
Batting: RHB Gregg Nelson 0-0: Ground out 6-3 (Groundball, 6)
Pinch Hitting: RHB Chris Chandler 0-0: Ball
1-0: Ball
2-0: Called Strike
2-1: Foul Ball, location: 2F
2-2: Ball
3-2: Base on Balls
Pitching: LHP José Garza
Batting: RHB Tony Quinn 0-0: Called Strike
0-1: Foul Ball, location: 2F
0-2: Strikes out swinging
Batting: LHB Ron Crawford 0-0: Called Strike
0-1: Swinging Strike
0-2: Strikes out swinging
Bottom of the 7th over - 0 runs, 0 hits, 0 errors, 1 left on base; Portland 3 - Kansas City 3
TOP OF THE 8TH
Portland Cards batting - Pitching for Kansas City Kings : RHP Carlos Pacheco
Now at 2B: Chris Chandler
Batting: LHB Jeff Daniels 0-0: Ball
1-0: Ball
2-0: Called Strike
2-1: SOLO HOME RUN (Flyball, 89XD), Distance : 378 ft
Pitching: RHP Alberto Bonilla
Batting: LHB Paul Mullins 0-0: Ball
1-0: Called Strike
1-1: Ball
2-1: Ball
3-1: Swinging Strike
3-2: Foul Ball, location: 2F
3-2: Base on Balls
Batting: RHB Eugene Gill 0-0: Called Strike
0-1: Foul Ball, location: 2F
0-2: Strikes out looking
Pitching: LHP Manuel Parra
Batting: LHB Chance Santry 0-0: Called Strike
0-1: Ball
Wild Pitch!
Paul Mullins to second
1-1: 2-RUN HOME RUN (Flyball, 9D), Distance : 423 ft
Pitching: RHP Mike Fisher
Batting: RHB Aaron Scott 0-0: Ball
1-0: Fly out, F9 (Flyball, 89S)
Batting: RHB Mario Beltrán 0-0: Foul Ball, location: 2F
0-1: Called Strike
0-2: Ball
1-2: Strikes out swinging
Top of the 8th over - 3 runs, 2 hits, 0 errors, 0 left on base; Portland 6 - Kansas City 3
BOTTOM OF THE 8TH
Kansas City Kings batting - Pitching for Portland Cards : LHP José Garza
Batting: RHB Toshimichi Kono 0-0: Called Strike
0-1: Ball
1-1: Ball
2-1: Foul Ball, location: 2F
2-2: Ball
3-2: DOUBLE (Line Drive, 9LM)
Batting: SHB Douglas Taylor 0-0: Ball
1-0: Foul Ball, location: 2F
1-1: Ball
2-1: Ball
3-1: SINGLE (Groundball, 56D)
Toshimichi Kono to third
Runner from 3rd tries for Home, SAFE, throw made home
Batting: RHB Cy Keynes 0-0: Hit by Pitch
Douglas Taylor to second
Batting: RHB Dave Parker 0-0: Bunted foul
0-1: Bunt - Flyout - DP at third! 5-3
Batting: RHB Rafael Carreón 0-0: Hit by Pitch
Batting: RHB Gregg Nelson 0-0: Ball
1-0: Ground out U3 (Groundball, 34)
Bottom of the 8th over - 1 run, 2 hits, 0 errors, 2 left on base; Portland 6 - Kansas City 4
TOP OF THE 9TH
Portland Cards batting - Pitching for Kansas City Kings : RHP Mike Fisher
Batting: RHB Jesús Gutiérrez 0-0: Called Strike
0-1: Reached on error, E4 (Groundball, 4)
Pitching: LHP Rob Lucas
Batting: LHB Joel Nelson 0-0: Ground out 6-3 (Groundball, 6)
Pitching: RHP Soichiro Ikeda
Batting: RHB António Zúñiga 0-0: Swinging Strike
0-1: Ground out 4-3 (Groundball, 4)
Jesús Gutiérrez to third
Batting: LHB Jeff Daniels 0-0: Ball
1-0: Ball
2-0: SINGLE (Flyball, 9LS)
Jesús Gutiérrez scores
Batting: LHB Paul Mullins 0-0: SINGLE (Groundball, 6D)
Jeff Daniels to second
Batting: RHB Eugene Gill 0-0: Ball
1-0: Swinging Strike
1-1: Foul Ball, location: 2F
1-2: Strikes out swinging
Top of the 9th over - 1 run, 2 hits, 1 error, 2 left on base; Portland 7 - Kansas City 4
BOTTOM OF THE 9TH
Kansas City Kings batting - Pitching for Portland Cards : LHP José Garza
Pitching: LHP Valentín Reséndez
Batting: RHB Chris Chandler 0-0: Fly out, F9 (Flyball, 9S)
Batting: RHB Tony Quinn 0-0: Called Strike
0-1: Called Strike
0-2: Foul Ball, location: 2F
0-2: Ball
1-2: Strikes out swinging
Batting: LHB Ron Crawford 0-0: Ground out 5-3 (Groundball, 56)
Bottom of the 9th over - 0 runs, 0 hits, 0 errors, 0 left on base; Portland 7 - Kansas City 4
Saturday, December 16th, 2017 - OOTP Baseball 18.8 Build 76